 Dungeon Crawl Stone Soup: Circus Animals version 1.7-37-g2c94cca (webtiles) character file.

628 Ihatecarrots00 the Chopper (level 10, -6/131 (148) HPs) *EASY*
             Began as a Lava Orc Berserker on Aug 30, 2016.
             Was the Champion of Trog.
             Mangled by a death yak (12 damage)
             ... on level 2 of the Lair of Beasts.
             The game lasted 00:32:10 (10927 turns).

Ihatecarrots00 the Chopper (Lava Orc Berserker)    Turns: 10927, Time: 00:32:10

HP:   -6/131 (148)  AC: 16    Str: 23    XL:     10   Next: 25%
MP:   100/100       EV:  5    Int: 11    God:    Trog [******]
Gold: 768           SH:  0    Dex: 10    Spells: 0 memorised, 9 levels left

rFire  + + +     rPois    .     r - +3 glaive (venom)
rCold  x . .     rElec    .     h - +3 plate armour
rNeg   . . .     rCorr    .     (shield currently unavailable) MagicSh . . . SeeInvis .
                                d - +2 helmet {Int+3} StaminaSh . . . Faith .
                                (no cloak) RegenHP ++++......
SustAt .                        (no gloves) RegenSP +++....... Dismiss .
                                (no boots) RegenMP +++....... Reflect .
                                (no amulet)
MR     .....     Harm     .     (no ring)
Stlth  ..........               (no ring)

@: exhausted, tired, slow, not resistant to hostile enchantments, extremely
unstealthy
A: no striking features
a: Berserk, Trog's Hand, Brothers in Arms, Burn Spellbooks, Renounce Religion


You were on level 2 of the Lair of Beasts.
You worshipped Trog.
Trog was exalted by your worship.
You were not hungry.

You visited 2 branches of the dungeon, and saw 9 of its levels.
You also visited: Sewer.

You collected 768 gold pieces.

Inventory:

Hand Weapons
 a - a +0 hand axe
 m - a +0 long sword
 o - a +2 battleaxe
 p - a +3 great sword
 q - a cursed +3 falchion
 r - a +3 glaive of venom (weapon)
 s - a cursed -1 flail
 t - a +1 great sword of freezing
 u - a +3 spear
Armour
 b - a +0 animal skin
 c - a +0 ring mail
 d - a +2 helmet of intelligence (worn)
 e - a +0 chain mail
 h - a +3 plate armour (worn)
Jewellery
 f - an uncursed ring of protection from cold
 g - an uncursed ring of stealth {unknown}
 j - an uncursed ring of flight {unknown}
 n - an uncursed ring of stamina {unknown}
Wands
 i - a wand of slowing (20/48)
 k - a wand of iceblast (4/15)
 l - a wand of random effects (34/48)
 v - a wand of lightning (21/30)
 w - a wand of polymorph (10/24)
 x - a wand of digging (10/24)
Scrolls
 e - 3 scrolls of identify
 f - 4 scrolls of teleportation
 h - 6 scrolls of magic mapping
 i - 3 scrolls of fear
 j - a scroll of blinking
 l - 3 scrolls of random uselessness
 m - 3 scrolls of enchant armour
 n - 5 scrolls of fog
 q - 3 scrolls of noise
 r - 9 scrolls of remove curse
 u - 4 scrolls of recharging {unknown}
 A - 3 scrolls of immolation {unknown}
 B - a scroll of amnesia {unknown}
 E - a scroll of summoning {unknown}
Potions
 a - 13 potions of heal wounds
 b - 11 potions of stamina
 c - 9 potions of magic
 d - 4 potions of flight
 g - 5 potions of curing {unknown}
 k - 2 potions of cancellation {unknown}
 o - 2 potions of degeneration {unknown}
 p - 4 potions of ambrosia {unknown}
 s - 2 potions of might {unknown}
 t - 4 potions of agility {unknown}
 v - 2 potions of berserk rage {unknown}
 x - 3 potions of resistance {unknown}
 z - a potion of brilliance {unknown}
 C - 2 potions of lignification {unknown}
 D - a potion of mutation {unknown}
Books
 w - a book of Conjurations

   Spells                             Type                      Level
   a - Magic Dart                     Conjuration                  1
   b - Searing Ray                    Conjuration/Light            2
   c - Dazzling Spray                 Conjuration/Hexes/Light      3
   d - Fulminant Prism                Conjuration/Hexes/Time       4
   e - Iskenderun's Mystic Blast      Conjuration/Ice              4
   f - Iskenderun's Battlesphere      Conjuration/Charms/Light     5
   Trog disapproves of the use of such an item.
 y - a book of Time

   Spells                             Type                      Level
   a - Slow                           Hexes/Time                   2
   b - Swiftness                      Charms/Air/Time              2
   c - Ensorcelled Hibernation        Hexes/Ice/Time               2
   d - Inner Flame                    Hexes/Fire/Time              3
   e - Sticky Flame                   Conjuration/Fire/Time        4
   f - Fulminant Prism                Conjuration/Hexes/Time       4
   Trog disapproves of the use of such an item.


   Skills:
 + Level 7.1 Fighting
 + Level 7.2 Axes
 + Level 5.0 Armour
 + Level 3.8 Dodging


You had 9 spell levels left.
You didn't know any spells.

Dungeon Overview and Level Annotations

Branches:
Dungeon (7/7)                Lair (2/7) D:7
 Shoals: Lair:2-6     Snake: Lair:2-6     Swamp: Lair:2-6

Altars:
Ashenzari
Cheibriados
Dithmenos
Elyvilon
Hepliaklqana
Makhleb
Trog
Xom


Message History

The giant frog is burned by your radiant heat. (mon hp-6)
The giant frog hits you. (hp-4) Damage (4) was greater than 30% of your hp (13)!!!
* * * LOW HITPOINT WARNING * * *; The giant frog is singed by your heat. (mon hp-3)
The death yak is burned by your radiant heat. (mon hp-2)
The death yak misses you.
The death yak gores you but does no damage.
The death yak is singed by your heat. (mon hp-2)
You closely miss the death yak.
You are no longer berserk.
You feel less hot-headed.
The giant frog is burned by your radiant heat. (mon hp-4)
The giant frog hits you but does no damage.
The giant frog is singed by your heat. (mon hp-3)
You kill the giant frog!
Trog accepts your kill. The death yak closely misses you.
The death yak gores you! (hp-8)
* * * LOW HITPOINT WARNING * * *; The death yak is singed by your heat. (mon hp-1)
You are pushing your body beyond it's limits!
You hit the death yak. (mon hp-2)
The death yak is poisoned.
The intensity of your heat diminishes. The death yak gores you! (hp-12)
You die...

P.<[...#...##.....#..†...##....#.
...........#.......+......#...##.
P..........+......#...........##.
.......P....P.#####P......##..##.
#.P..P.#...PP.####.........#..##.
.................................
.................................
.................................
........ ......Y@................
....... ......†Y................
...... .......††...............
........................
........................
........................
........................
........................
........................


You could see 2 death yaks.

Vanquished Creatures
  3 death yaks (Lair:2)
  2 black mambas (Lair:1)
  A komodo dragon (Lair:1)
  6 spiny frogs
  4 yaks (Lair:1)
  A hippogriff (D:7)
  3 phantoms
  A black bear (D:6)
  2 water moccasins (Lair:1)
  3 ice beasts
  A sky beast (D:5)
  3 ogres
  7 crocodiles
  3 porcupines
  3 big kobolds (Sewer)
  6 wolves (Lair:1)
  A centaur (D:5)
  6 giant frogs
  A scorpion (D:6)
  Menkaure (D:5)
  3 giant frog zombies
  A centaur zombie (D:5)
  Terence (D:4)
  3 centaur skeletons
  A giant frog skeleton (D:5)
  5 crimson imps
  6 dart slugs
  8 hounds
  4 howler monkeys
  A jelly (D:7)
  4 orc priests
  8 wights
  8 giant geckos
  A gnoll shaman (D:6)
  24 orcs
  6 sheep (Lair:2)
  7 worker ants
  16 adders
  7 giant cockroaches
  14 gnolls
  7 hobgoblins
  10 iguanas
  6 jackals
  5 orc wizards
  5 quokkas
  17 river rats
  2 shadow imps
  6 ball pythons
  16 bats
  A giant cockroach zombie (D:6)
  A giant gecko skeleton (D:5)
  12 giant newts
  6 goblins
  A howler monkey zombie (D:5)
  A jackal skeleton (D:5)
  27 kobolds
  An ooze (D:1)
  28 rats
  A worker ant zombie (D:6)
  3 worms
342 creatures vanquished.

Vanquished Creatures (others)
  A wizard (D:4)
  5 sheep (D:3)
6 creatures vanquished.

Grand Total: 348 creatures vanquished

Notes
Turn   | Place    | Note
-------+----------+-------------------------------------------
     0 | D:1      | Ihatecarrots00 the Lava Orc Berserker began the quest for the Orb.
     0 | D:1      | Reached XP level 1. HP: 39/39 MP: 100/100
   149 | D:1      | Reached XP level 2. HP: 17/51 MP: 100/100
   152 | D:1      | Reached skill level 5 in Axes
   172 | D:1      | Reached XP level 3. HP: 63/63 MP: 100/100
   323 | D:1      | Reached ** piety under Trog
   842 | D:2      | Reached XP level 4. HP: 76/76 MP: 100/100
  1022 | D:2      | Found a snail-covered altar of Cheibriados.
  1117 | D:2      | Reached *** piety under Trog
  1803 | D:3      | Reached skill level 5 in Fighting
  1934 | D:3      | Reached XP level 5. HP: 85/88 MP: 100/100
  2009 | D:3      | Reached **** piety under Trog
  2052 | D:3      | Found a shimmering altar of Xom.
  2540 | D:4      | Noticed Terence
  2559 | D:4      | Killed Terence
  2562 | D:4      | Found a bloodstained altar of Trog.
  2564 | D:4      | Noticed a wizard
  2569 | D:4      | Killed a wizard
  2653 | D:4      | Reached ***** piety under Trog
  2668 | D:4      | Reached XP level 6. HP: 61/100 MP: 100/100
  2847 | D:4      | Found a glowing drain.
  2856 | Sewer    | Entered a sewer
  3160 | Sewer    | Received a gift from Trog
  3854 | D:5      | Entered Level 5 of the Dungeon
  4290 | D:5      | Noticed Menkaure
  4303 | D:5      | Killed Menkaure
  5137 | D:5      | Found a faded altar of an unknown god.
  5916 | D:6      | Found a shattered altar of Ashenzari.
  6032 | D:6      | Reached XP level 7. HP: 112/112 MP: 100/100
  6927 | D:6      | Received a gift from Trog
  7567 | D:7      | Entered Level 7 of the Dungeon
  7567 | D:7      | Found a white marble altar of Elyvilon.
  7742 | D:7      | Reached ****** piety under Trog
  7908 | D:7      | Found a shimmering altar of Xom.
  7957 | D:7      | Found a shadowy altar of Dithmenos.
  7957 | D:7      | Found a burning altar of Makhleb.
  7958 | D:7      | Found a hazy altar of Hepliaklqana.
  8006 | D:7      | Found a staircase to the Lair.
  8222 | Lair:1   | Entered Level 1 of the Lair of Beasts
  8242 | Lair:1   | Reached XP level 8. HP: 61/106 MP: 100/100
  9184 | Lair:1   | Reached XP level 9. HP: 118/118 MP: 100/100
 10094 | Lair:2   | Received a gift from Trog
 10863 | Lair:2   | Found a snail-covered altar of Cheibriados.
 10900 | Lair:2   | Noticed a death yak
 10901 | Lair:2   | Noticed a death yak
 10902 | Lair:2   | Noticed a death yak
 10902 | Lair:2   | Noticed a death yak
 10902 | Lair:2   | Noticed a death yak
 10917 | Lair:2   | Killed a death yak
 10917 | Lair:2   | HP: 25/258 [death yak (8)]
 10919 | Lair:2   | Killed a death yak
 10919 | Lair:2   | Reached XP level 10. HP: 27/131 MP: 100/100
 10922 | Lair:2   | Killed a death yak
 10922 | Lair:2   | Reached skill level 5 in Armour
 10925 | Lair:2   | HP: 13/286 [giant frog (4)]
 10926 | Lair:2   | HP: 5/131 [death yak (8)]
 10927 | Lair:2   | Mangled by a death yak

Skill      XL: |  1  2  3  4  5  6  7  8  9 10 |
---------------+-------------------------------+-----
Axes           | 5 6 7 |  7.2
Fighting       | 5 6 7 |  7.1
Dodging        | 2 3 |  3.8
Armour         | 3 4 5 |  5.0

Action                   |  1- 3 |  4- 6 |  7- 9 | 10-12 || total
-------------------------+-------+-------+-------+-------++-------
Melee: Hand axe          |   118 |   730 |   147 |       ||   995
       Glaive            |       |       |   502 |     7 ||   509
       Battleaxe         |       |       |     8 |       ||     8
Invok: Berserk           |     1 |       |     3 |       ||     4
  Use: Scroll            |       |       |    18 |       ||    18
 Stab: Sleeping          |       |     1 |       |       ||     1
Armor: Animal skin       |     9 |       |       |       ||     9
       Ring mail         |    20 |   299 |       |       ||   319
       Plate armour      |       |    19 |   662 |     7 ||   688
Dodge: Dodged            |   132 |   558 |   537 |     6 ||  1233
